 Dungeon Crawl Stone Soup version 0.21-a0-538-gd16b88a (webtiles) character file.

168 tidbits the Digger (level 5, 7/37 HPs)
             Began as a Gnoll Earth Elementalist on Dec 15, 2017.
             Was an Initiate of Cheibriados.
             Quit the game in a sewer.
             The game lasted 00:08:21 (1055 turns).

tidbits the Digger (Gnoll Earth Elementalist)       Turns: 1055, Time: 00:08:21

Health: 7/37       AC:  2    Str: 12    XL:     5   Next: 48%
Magic:  1/12       EV: 15    Int: 19    God:    Cheibriados [......]
Gold:   81         SH:  0    Dex: 16    Spells: 8/14 levels left

rFire    + . .     SeeInvis .   f - +0 dagger
rCold    . . .     Gourm    +   (no shield)
rNeg     . . .     Faith    .   c - +0 robe
rPois    .         Spirit   .   (no helmet)
rElec    .         Reflect  .   (no cloak)
rCorr    .         Harm     .   (no gloves)
MR       .....                  (no boots)
Stlth    +++.......             t - amulet of the gourmand
HPRegen  0.12/turn              o - ring of protection from fire
MPRegen  0.13/turn              (no ring)

@: very slow
A: distributed training, fangs 1, strong nose
a: Bend Time, Renounce Religion


You were in a sewer.
You worshipped Cheibriados.
Cheibriados was noncommittal.
You were hungry.

You visited 1 branch of the dungeon, and saw 4 of its levels.
You also visited: Sewer.

You collected 81 gold pieces.

Inventory:

Hand Weapons
 f - a +0 dagger (weapon)
 i - a +0 hunting sling
Missiles
 s - 20 arrows
Armour
 c - a +0 robe (worn)
 h - a +0 ring mail
Jewellery
 n - an uncursed ring of fire
   (You found it on level 2 of the Dungeon)
 o - a ring of protection from fire (left hand)
   (You found it on level 2 of the Dungeon)
 t - an amulet of the gourmand (around neck)
   (You found it on level 3 of the Dungeon)
Scrolls
 a - 2 scrolls of teleportation {unknown}
 g - a scroll of amnesia
 k - 2 scrolls of magic mapping {unknown}
 l - a scroll of enchant armour
 m - 2 scrolls of remove curse
 u - a scroll of enchant weapon {unknown}
Potions
 b - a potion of lignification
 q - a potion of haste {unknown}
 r - a potion of might {unknown}
 v - a potion of invisibility {unknown}
Books
 e - a book of Geomancy

   Spells                             Type                      Level
   a - Sandblast                      Earth                        1
   b - Passwall                       Transmutation/Earth          2
   c - Stone Arrow                    Conjuration/Earth            3
   d - Petrify                        Transmutation/Earth          4
   e - Lee's Rapid Deconstruction     Earth                        5
Comestibles
 d - a bread ration
 j - a meat ration
 p - a chunk of flesh


   Skills:
 + Level 1.4 Fighting
 + Level 1.4 Short Blades
 + Level 1.4 Long Blades
 + Level 1.4 Axes
 + Level 1.4 Maces & Flails
 + Level 1.4 Polearms
 + Level 1.4 Staves
 + Level 1.4 Slings
 + Level 1.4 Bows
 + Level 1.4 Crossbows
 + Level 1.4 Throwing
 + Level 1.4 Armour
 + Level 4.8 Dodging
 + Level 4.4 Stealth
 + Level 1.4 Shields
 + Level 1.4 Unarmed Combat
 + Level 5.2 Spellcasting
 + Level 1.1 Conjurations
 + Level 1.1 Hexes
 + Level 1.1 Charms
 + Level 1.1 Summonings
 + Level 1.1 Necromancy
 + Level 1.1 Translocations
 + Level 2.4 Transmutations
 + Level 1.1 Fire Magic
 + Level 1.1 Ice Magic
 + Level 1.1 Air Magic
 + Level 5.5 Earth Magic
 + Level 1.1 Poison Magic
 + Level 1.6 Invocations
 + Level 1.4 Evocations


You had 8 spell levels left.
You knew the following spells:

 Your Spells              Type           Power        Failure   Level  Hunger
a - Sandblast             Erth           ####..       1%          1    None
t - Stone Arrow           Conj/Erth      ###...       9%          3    ##.....
w - Passwall              Tmut/Erth      ###.......   3%          2    #......


Dungeon Overview and Level Annotations

Branches:
Dungeon (4/15)
 Temple: D:4-7

Altars:
Cheibriados
Okawaru
Ru


Innate Abilities, Weirdness & Mutations

Your experience applies equally to all skills.
You have very sharp teeth.
Your uncanny sense of smell can sniff out nearby items.


Message History

Aiming: Sandblast
Press: ? - help, Shift-Dir - straight line, f - rat
Aim: a rat The blast of sand misses the rat.
w - 5 stones The rat bites you.
* * * LOW HITPOINT WARNING * * *
Casting: Sandblast
Confirm with . or Enter, or press ? or * to list all spells.
Aiming: Sandblast
Press: ? - help, Shift-Dir - straight line, f/p - rat
Aim: a rat The blast of sand hits the rat.
You kill the rat!
Cheibriados appreciates the change of pace.
w - 4 stones
Found a glowing drain.
You see here a rat corpse.
You enter the shallow water.
Moving in this stuff is going to be slow.
There is a glowing drain here.
The world spins around you as you enter the gateway.
You enter a sewer!
There is an empty arch of ancient stone here.
Found a gate leading back out of this place.
You enter the shallow water.
Moving in this stuff is going to be slow.
A ball python comes into view.
A rat comes into view.
A rat and a river rat come into view.
Casting: Sandblast
Confirm with . or Enter, or press ? or * to list all spells.
Aiming: Sandblast
Press: ? - help, Shift-Dir - straight line, f - rat
Aim: a rat The blast of sand hits the rat.
You kill the rat!
Cheibriados thoroughly appreciates the change of pace.
w - 3 stones
Casting: Sandblast
Confirm with . or Enter, or press ? or * to list all spells.
Aiming: Sandblast
Press: ? - help, Shift-Dir - straight line, f - river rat
Aim: a river rat The blast of sand misses the river rat.
w - 2 stones
Casting: Sandblast
Confirm with . or Enter, or press ? or * to list all spells.
Aiming: Sandblast
Press: ? - help, Shift-Dir - straight line, f/p - river rat
Aim: a river rat The blast of sand misses the river rat.
w - a stone
Casting: Sandblast
Confirm with . or Enter, or press ? or * to list all spells.
Aiming: Sandblast
Press: ? - help, Shift-Dir - straight line, f/p - river rat
Aim: a river rat The blast of sand hits the river rat.
You kill the river rat!
Cheibriados appreciates the change of pace.
You now have no stones remaining.
You hit the rat.
The rat is moderately wounded.
The rat bites you but does no damage.
You closely miss the rat.
The rat is moderately wounded.
The rat bites you.
* * * LOW HITPOINT WARNING * * *
You closely miss the rat.
The rat is moderately wounded.
The rat barely misses you.
Casting: Sandblast
Confirm with . or Enter, or press ? or * to list all spells.
Aiming: Sandblast
Press: ? - help, Shift-Dir - straight line, f - rat
Aim: a rat (moderately wounded)
You don't have any stones to cast with.
Casting: Sandblast
Confirm with . or Enter, or press ? or * to list all spells.
Aiming: Stone Arrow
Press: ? - help, Shift-Dir - straight line, f/p - rat
Aim: a rat (moderately wounded)
The stone arrow hits the rat.
You kill the rat!
Cheibriados thoroughly appreciates the change of pace.
A river rat comes into view.
You see here a rat corpse.
Casting: Stone Arrow
Confirm with . or Enter, or press ? or * to list all spells.
Aiming: Stone Arrow
Press: ? - help, Shift-Dir - straight line, f - river rat
Aim: a river rat The stone arrow hits the river rat.
The river rat is heavily wounded.
Casting: Stone Arrow
Confirm with . or Enter, or press ? or * to list all spells.
You don't have enough magic to cast that spell.
Unknown command.
Are you sure you want to abandon this character and quit the game? (Confirm with "yes".)

≈≈≈≈≈≈≈≈≈≈≈≈≈≈≈≈≈≈≈≈≈≈
≈≈≈≈≈≈≈≈≈≈≈≈≈≈≈≈≈≈≈≈≈≈≈
≈≈≈≈≈≈≈≈≈≈≈≈≈≈.......≈≈≈
≈≈≈≈≈≈≈≈≈≈≈≈≈≈......≈.≈.
≈≈≈..≈.≈≈≈≈≈≈.........≈.
≈≈.......†..............
.......†.r.............
........##.............
......#####@......##..
#...## #...##..## ###
#∩..#####..### ####
##..∩# #####


You could see a river rat.

Vanquished Creatures
  A hound (D:4)
  A worker ant (D:4)
  2 howler monkey skeletons (D:4)
  An adder (D:3)
  A river rat (Sewer)
  An adder zombie (D:4)
  A worm (D:2)
  3 dart slugs (D:1)
  2 leopard geckos
  3 giant cockroaches
  6 goblins
  4 hobgoblins
  9 jackals
  A quokka (D:4)
  3 ball pythons
  8 bats
  A frilled lizard (D:2)
  5 kobolds
  A leopard gecko skeleton (D:4)
  11 rats
65 creatures vanquished.

Notes
Turn   | Place    | Note
-------+----------+-------------------------------------------
     0 | D:1      | tidbits the Gnoll Earth Elementalist began the quest for the Orb.
     0 | D:1      | Reached XP level 1. HP: 13/13 MP: 6/6
   111 | D:1      | Reached skill level 2 in Transmutations
   168 | D:1      | Reached XP level 2. HP: 19/19 MP: 5/7
   181 | D:1      | Learned a level 2 spell: Passwall
   290 | D:1      | Reached XP level 3. HP: 25/25 MP: 2/9
   354 | D:1      | Reached skill level 5 in Spellcasting
   445 | D:2      | Learned a level 3 spell: Stone Arrow
   481 | D:2      | Reached skill level 1 in Invocations
   500 | D:2      | Found a sacrificial altar of Ru.
   504 | D:2      | Found an iron altar of Okawaru.
   590 | D:2      | Reached skill level 1 in Fighting
   590 | D:2      | Reached skill level 1 in Short Blades
   590 | D:2      | Reached skill level 1 in Long Blades
   590 | D:2      | Reached skill level 1 in Axes
   590 | D:2      | Reached skill level 1 in Maces & Flails
   590 | D:2      | Reached skill level 1 in Polearms
   590 | D:2      | Reached skill level 1 in Staves
   590 | D:2      | Reached skill level 1 in Slings
   590 | D:2      | Reached skill level 1 in Bows
   590 | D:2      | Reached skill level 1 in Crossbows
   590 | D:2      | Reached skill level 1 in Throwing
   590 | D:2      | Reached skill level 1 in Armour
   590 | D:2      | Reached skill level 1 in Shields
   590 | D:2      | Reached skill level 1 in Unarmed Combat
   590 | D:2      | Reached skill level 1 in Evocations
   693 | D:2      | You fall through a shaft!
   694 | D:3      | Reached XP level 4. HP: 28/32 MP: 11/11
   825 | D:4      | Reached skill level 1 in Conjurations
   825 | D:4      | Reached skill level 1 in Hexes
   825 | D:4      | Reached skill level 1 in Charms
   825 | D:4      | Reached skill level 1 in Summonings
   825 | D:4      | Reached skill level 1 in Necromancy
   825 | D:4      | Reached skill level 1 in Translocations
   825 | D:4      | Reached skill level 1 in Fire Magic
   825 | D:4      | Reached skill level 1 in Ice Magic
   825 | D:4      | Reached skill level 1 in Air Magic
   825 | D:4      | Reached skill level 1 in Poison Magic
   861 | D:4      | HP: 3/32 [howler monkey skeleton (3)]
   887 | D:4      | Found a snail-covered altar of Cheibriados.
   893 | D:4      | Became a worshipper of Cheibriados the Contemplative
   940 | D:4      | Reached XP level 5. HP: 14/37 MP: 5/12
  1018 | D:4      | HP: 3/37 [rat (1)]
  1020 | D:4      | Found a glowing drain.
  1027 | Sewer    | Entered a sewer
  1055 | Sewer    | Quit the game

Vault maps used:
D:1:      minmay_arrival_nine_rooms
D:2:      minitemple
D:3:      tso_altar
D:4:      old_standard_altar, vehumet_altar_wand_db, serial_undead,
          serial_undead_f, serial_undead_f, serial_undead_e, serial_undead_c,
          portal_sewer_entry_b, hangedman_abyss_or_decor_stabs, st_stairs_11,
          kennysheep_opposing_triangles
Sewer:    sewer_minmay_treatment

Skill      XL: |  1  2  3  4 |
---------------+-------------+-----
Transmutations | 2 |  2.4
Spellcasting   | 5 |  5.2
Invocations    | 1 |  1.6
Fighting       | 1 |  1.4
Short Blades   | 1 |  1.4
Long Blades    | 1 |  1.4
Axes           | 1 |  1.4
Maces & Flails | 1 |  1.4
Polearms       | 1 |  1.4
Staves         | 1 |  1.4
Slings         | 1 |  1.4
Bows           | 1 |  1.4
Crossbows      | 1 |  1.4
Throwing       | 1 |  1.4
Armour         | 1 |  1.4
Shields        | 1 |  1.4
Unarmed Combat | 1 |  1.4
Evocations     | 1 |  1.4
Conjurations   | 1 |  1.1
Hexes          | 1 |  1.1
Charms         | 1 |  1.1
Summonings     | 1 |  1.1
Necromancy     | 1 |  1.1
Translocations | 1 |  1.1
Fire Magic     | 1 |  1.1
Ice Magic      | 1 |  1.1
Air Magic      | 1 |  1.1
Poison Magic   | 1 |  1.1
Dodging        | |  4.8
Stealth        | |  4.4
Earth Magic    | |  5.5

Action                   |  1- 3 |  4- 6 || total
-------------------------+-------+-------++-------
Melee: Dagger            |    46 |    52 ||    98
       Bite              |     6 |     4 ||    10
       Punch             |       |     1 ||     1
 Cast: Sandblast         |    36 |    11 ||    47
       Passwall          |     2 |       ||     2
       Stone Arrow       |     4 |    13 ||    17
  Use: Scroll            |     4 |       ||     4
 Stab: Sleeping          |     3 |     1 ||     4
       Distracted        |     1 |       ||     1
  Eat: Chunk             |       |     1 ||     1
Armor: Robe              |    14 |    11 ||    25
Dodge: Dodged            |    64 |    61 ||   125

Table legend:
 A = Spawn XP
 B = Non-spawn XP
 C = Spawn XP percentage of total XP
 D = Spawn monster count
 E = Non-spawn monster count
 F = Spawn count percentage of total count
 G = Total turns spent on level
                    A         B        C        D         E        F      G
               +---------+---------+-------+---------+---------+-------+---------
         Total |       0 |     240 |   0.0 |       0 |      65 |   0.0 |  1055
               +---------+---------+-------+---------+---------+-------+---------
           D:1 |       0 |      43 |   0.0 |       0 |      22 |   0.0 |   397
           D:2 |       0 |      38 |   0.0 |       0 |      20 |   0.0 |   296
           D:3 |       0 |      19 |   0.0 |       0 |       6 |   0.0 |   109
           D:4 |       0 |     125 |   0.0 |       0 |      14 |   0.0 |   225
         Sewer |       0 |      15 |   0.0 |       0 |       3 |   0.0 |    28
               +---------+---------+-------+---------+---------+-------+---------

Table legend:
 A = Turns spent in this place as a percentage of turns spent in the entire game.
 B = Non-inter-level travel turns spent in this place as a percentage of non-inter-level travel turns spent in the entire game.
 C = Inter-level travel turns spent in this place as a percentage of turns spent in this place.
 D = Turns resting spent in this place as a percentage of non-inter-level travel turns spent in this place.
 E = Turns spent auto-exploring this place as a percentage of non-inter-level travel turns spent in this place.
 F = Non-inter-level travel turns spent in this place divided by the number of levels of this place that you've seen.
                   A       B       C       D       E      F
               +-------+-------+-------+-------+-------+----------------------
         Total | 100.0 | 100.0 |   4.0 |   0.0 |   0.0 | 202.6
       Dungeon |  97.3 |  97.2 |   4.1 |   0.0 |   0.0 | 246.2
         Sewer |   2.7 |   2.8 |   0.0 |   0.0 |   0.0 |  28.0
               +-------+-------+-------+-------+-------+----------------------

Table legend:
 A = Kills in this place as a percentage of kills in entire the game.
 B = Kills by you in this place as a percentage of kills by you in the entire game.
 C = Kills by friends in this place as a percentage of kills by friends in the entire game.
 D = Other kills in this place as a percentage of other kills in the entire game.
 E = Experience gained in this place as a percentage of experience gained in the entire game.
 F = Experience gained in this place divided by the number of levels of this place that you have seen.
                   A       B       C       D       E      F
               +-------+-------+-------+-------+-------+----------------------
         Total | 100.0 | 100.0 |   N/A |   N/A | 100.0 |  48.0
       Dungeon |  95.4 |  95.4 |   N/A |   N/A |  93.8 |  56.2
         Sewer |   4.6 |   4.6 |   N/A |   N/A |   6.2 |  15.0
               +-------+-------+-------+-------+-------+----------------------

Vault maps used:
D:1:      minmay_arrival_nine_rooms
D:2:      minitemple
D:3:      tso_altar
D:4:      old_standard_altar, vehumet_altar_wand_db, serial_undead,
          serial_undead_f, serial_undead_f, serial_undead_e, serial_undead_c,
          portal_sewer_entry_b, hangedman_abyss_or_decor_stabs, st_stairs_11,
          kennysheep_opposing_triangles
Sewer:    sewer_minmay_treatment
